 Dungeon Crawl Stone Soup version 0.24.0-123-gd5b16e6ec5 (webtiles) character file.

Game seed: 5214267671021103191, levelgen mode: deterministic

2809 FishyPogo the Stinger (level 9, 0/57 HPs)
             Began as a Demonspawn Venom Mage on Jan 18, 2020.
             Was a Follower of Sif Muna.
             Slain by a yak (12 damage)
             ... on level 8 of the Dungeon on Jan 19, 2020.
             The game lasted 00:27:10 (6583 turns).

FishyPogo the Stinger (Demonspawn Venom Mage)       Turns: 6583, Time: 00:27:10

Health: 0/57       AC:  6    Str: 10    XL:     9   Next: 44%
Magic:  8/15       EV: 14    Int: 17    God:    Sif Muna [*.....]
Gold:   213        SH:  0    Dex: 15    Spells: 8/17 levels left

rFire    . . .     SeeInvis .   q - +7 captain's cutlass {speed, disarm}
rCold    . . .     Gourm    .   (no shield)
rNeg     . . .     Faith    .   e - +0 ring mail (curse)
rPois    .         Spirit   .   (no helmet)
rElec    .         Reflect  .   (no cloak)
rCorr    +         Harm     .   (no gloves)
MR       +....                  (no boots)
Stlth    +.........             k - amulet of regeneration
HPRegen  0.59/turn              n - ring of protection from magic
MPRegen  0.14/turn              w - ring of resist corrosion

@: very slightly contaminated
A: claws 1, repulsion field 2, spiny 1, rot immunity
a: Channel Magic, Renounce Religion


You were on level 8 of the Dungeon.
You worshipped Sif Muna.
Sif Muna was aware of your devotion.
You were very hungry.

You visited 2 branches of the dungeon, and saw 9 of its levels.

You collected 213 gold pieces.

Inventory:

Hand Weapons
 f - a +0 dagger of venom
 q - the +7 captain's cutlass (weapon) {speed, disarm}
   (You found it on level 5 of the Dungeon)

   Attacks with this weapon are significantly faster.
Missiles
 b - 121 stones (quivered)
 s - 36 poisoned darts
 v - a throwing net
Armour
 a - a +0 robe
 e - a cursed +0 ring mail (worn)
 l - a +3 plate armour
 r - a +0 crystal plate armour
 D - the +1 ring mail "Rotutow" {Int+2, unknown}
   (You found it on level 9 of the Dungeon)

   It affects your intelligence (+2).
Jewellery
 k - an amulet of regeneration (around neck)
 n - a ring of protection from magic (left claw)
 t - an uncursed ring of ice
 w - a ring of resist corrosion (right claw)
 C - the amulet of the Air {Inacc +Fly rElec EV+5 RMsl}
   (You found it on level 5 of the Dungeon)

   [amulet of inaccuracy]

   It reduces the accuracy of all your attacks.
   It affects your evasion (+5).
   It insulates you from electricity.
   It lets you fly.
   It protects you from missiles.
Wands
 y - a wand of digging (4)
Scrolls
 d - 2 scrolls of enchant armour {unknown}
 h - 4 scrolls of identify
 i - 7 scrolls of remove curse {unknown}
 j - a scroll of noise {unknown}
 p - 3 scrolls of teleportation
 x - a scroll of amnesia
 F - a scroll of immolation
Potions
 g - 3 potions of curing
 m - 4 potions of lignification {unknown}
 o - 3 potions of haste {unknown}
 u - a potion of ambrosia {unknown}
 z - a potion of magic {unknown}
 A - a potion of degeneration {unknown}
 B - a potion of brilliance {unknown}
 E - a potion of heal wounds
Comestibles
 c - 9 rations
 G - 2 chunks of flesh


   Skills:
 + Level 5.8 Armour
 - Level 3.0 Dodging
 - Level 2.0 Stealth
 + Level 4.5 Spellcasting
 + Level 4.2 Conjurations
 - Level 2.3 Charms
 * Level 5.7 Necromancy
 - Level 7.0 Poison Magic


You had 8 spell levels left.
You knew the following spells:

 Your Spells              Type           Power        Failure   Level  Hunger
a - Sting                 Conj/Pois      ###.         3%          1    None
b - Poisonous Vapours     Pois/Air       ###...       12%         2    ##.....
c - Mephitic Cloud        Conj/Pois/Air  ###.....     22%         3    ###....
h - Regeneration          Chrm/Necr      ###.......   19%         3    ###....

Your spell library contained the following spells:

 Spells                   Type           Power        Failure   Level  Hunger
 Animate Skeleton         Necr           N/A          3%          1    None
 Pain                     Necr           ###.         3%          1    None
 Vampiric Draining        Necr           ###.......   10%         3    ###....
 Olgreb's Toxic Radiance  Pois           ####....     19%         4    ####...
 Animate Dead             Necr           N/A          32%         4    ####...
 Venom Bolt               Conj/Pois      ###.......   67%         5    ######.


Dungeon Overview and Level Annotations

Branches:
Dungeon (9/15)             Temple (1/1) D:5
   Lair: D:8-11         Orc: D:9-12

Altars:
Ashenzari
Elyvilon
Gozag
Hepliaklqana
Kikubaaqudgha
Makhleb
Nemelex Xobeh
Qazlal
Sif Muna
Trog
Vehumet
Wu Jian
Xom
Yredelemnul
Zin

Shops:
D:5 *   D:6 %   D:9 (


Innate Abilities, Weirdness & Mutations

You have sharp fingernails.
You are surrounded by a moderate repulsion field. (EV +3)
You are partially covered in sharp spines.
You are immune to rotting.


Message History

The yak barely misses you.
You barely miss the yak.
The yak is severely wounded.
The yak misses you.
Casting: Poisonous Vapours (safe; 12% risk of failure)
Confirm with . or Enter, or press ? or * to list all spells.
Aiming: Sting (safe; 3% risk of failure)
Press: ? - help, Shift-Dir - straight line, f/p - yak
Aim: a yak (severely wounded, poisoned)
The sting hits the yak.
The yak is severely wounded.
The yak is struck by your spines. The yak gores you but does no damage.
Casting: Sting (safe; 3% risk of failure)
Confirm with . or Enter, or press ? or * to list all spells.
Aiming: Poisonous Vapours (safe; 12% risk of failure)
Press: ? - help, Dir - move target cursor, f/p - yak
Aim: a yak (almost dead, poisoned) Poisonous vapours surround the yak!
The yak is engulfed in poison gas.
The yak looks even sicker.
The yak is struck by your spines. The yak gores you!
You die...

.#.# #..#
#..# #..#
#..########
#..>.......
##.########
###.# #@#.#
#.Y.# #.###
###


You could see a yak.

Vanquished Creatures
  The ghost of Delamore the Cleaver, a novice FoFi of Okawaru (D:6)
  The ghost of Dutchy the Skirmisher, a novice DsCK of Xom (D:5)
  Grinder (D:4)
  A hippogriff (D:9)
  A yak (D:9)
  Eustachio (D:4)
  Edmund (D:4)
  An ice beast (D:6)
  The ghost of FishyPogo the Firebug, an amateur DsFE of Makhleb (D:5)
  2 ogres
  A bullfrog (D:9)
  2 howler monkeys
  A crimson imp (D:5)
  5 orc priests
  A jelly (D:9)
  A hound (D:9)
  Ijyb (D:4)
  2 bullfrog skeletons
  A centaur skeleton (D:9)
  2 iguanas
  An orc wizard (D:4)
  8 worker ants
  A hound zombie (D:6)
  A hound skeleton (D:6)
  A worker ant zombie (D:5)
  9 adders
  5 shadow imps
  2 oozes (D:3)
  An adder skeleton (D:4)
  3 worms (D:2)
  A dart slug (D:1)
  5 leopard geckos
  10 orcs
  5 bats
  6 giant cockroaches
  3 goblins
  6 hobgoblins
  6 jackals
  13 kobolds
  6 quokkas
  3 ball pythons
  7 frilled lizards
  A jackal skeleton (D:4)
  A leopard gecko skeleton (D:4)
  A quokka zombie (D:5)
  7 rats
141 creatures vanquished.

Vanquished Creatures (others)
  2 withered plants (D:5)
2 creatures vanquished.

Grand Total: 143 creatures vanquished

Notes
Turn   | Place    | Note
-------+----------+-------------------------------------------
     0 | D:1      | FishyPogo the Demonspawn Venom Mage began the quest for the
                  | Orb.
     0 | D:1      | Reached XP level 1. HP: 13/13 MP: 3/3
   474 | D:1      | Gained mutation: You are surrounded by a mild repulsion
                  | field. (EV +2) [demonic ancestry]
   474 | D:1      | Reached XP level 2. HP: 4/19 MP: 0/5
   738 | D:1      | Learned a level 2 spell: Poisonous Vapours
  1294 | D:1      | Gained mutation: You have sharp fingernails. [demonic
                  | ancestry]
  1294 | D:1      | Reached XP level 3. HP: 23/24 MP: 2/6
  2079 | D:2      | Reached skill level 4 in Poison Magic
  2079 | D:2      | Reached XP level 4. HP: 30/30 MP: 1/7
  2236 | D:2      | Reached skill level 1 in Armour
  2272 | D:2      | Found a stormy altar of Qazlal.
  2768 | D:3      | Found a glowing silver altar of Zin.
  2959 | D:4      | Gained mutation: You are immune to rotting. [demonic
                  | ancestry]
  2959 | D:4      | Reached XP level 5. HP: 32/35 MP: 8/8
  2964 | D:4      | Learned a level 3 spell: Mephitic Cloud
  3054 | D:4      | Found a shimmering altar of Xom.
  3141 | D:4      | Noticed Eustachio
  3154 | D:4      | Killed Eustachio
  3154 | D:4      | Gained mutation: You are surrounded by a moderate repulsion
                  | field. (EV +3) [demonic ancestry]
  3154 | D:4      | Reached XP level 6. HP: 41/41 MP: 3/9
  3264 | D:4      | Noticed Ijyb
  3433 | D:4      | Noticed Edmund
  3453 | D:4      | Killed Edmund
  3453 | D:4      | Reached skill level 5 in Poison Magic
  3577 | D:4      | Reached XP level 7. HP: 32/46 MP: 0/10
  3724 | D:4      | Killed Ijyb
  3857 | D:4      | Noticed Grinder
  3948 | D:4      | Killed Grinder
  3948 | D:4      | Reached skill level 6 in Poison Magic
  4135 | D:5      | Entered Level 5 of the Dungeon
  4176 | D:5      | Found a basalt altar of Yredelemnul.
  4252 | D:5      | Learned a level 3 spell: Regeneration
  4312 | D:5      | Found an opulent altar of Gozag.
  4312 | D:5      | Found Gozag's Platinum Reserve.
  4333 | D:5      | Gained mutation: You are partially covered in sharp spines.
                  | [demonic ancestry]
  4333 | D:5      | Reached XP level 8. HP: 51/52 MP: 12/12
  4630 | D:5      | Found a staircase to the Ecumenical Temple.
  4639 | Temple   | Entered the Ecumenical Temple
  4729 | Temple   | Became a worshipper of Sif Muna the Loreminder
  4849 | D:5      | Found a runed translucent gate.
  4850 | D:5      | Found a runed translucent gate.
  4850 | D:5      | Found a runed translucent gate.
  4851 | D:5      | Noticed Dutchy's ghost (novice DsCK)
  4851 | D:5      | Noticed FishyPogo's ghost (amateur DsFE)
  4853 | D:5      | Found the +7 captain's cutlass {speed, disarm}
  4913 | D:5      | Noticed Delamore's ghost (novice FoFi)
  4919 | D:5      | Found the amulet of the Air {Inacc +Fly rElec EV+5 RMsl}
  4958 | D:5      | Reached skill level 1 in Necromancy
  5448 | D:5      | Killed FishyPogo's ghost
  5593 | D:6      | Reached skill level 1 in Charms
  5767 | D:6      | Found a sparkling altar of Nemelex Xobeh.
  5797 | D:6      | Reached skill level 5 in Armour
  5805 | D:6      | Found a sparkling altar of Nemelex Xobeh.
  5983 | D:6      | Found Guhed's Food Shoppe.
  5989 | D:6      | Reached * piety under Sif Muna
  6072 | D:6      | Found a bloodstained altar of Trog.
  6142 | D:6      | Killed Delamore's ghost
  6142 | D:6      | Reached skill level 7 in Poison Magic
  6142 | D:6      | Reached XP level 9. HP: 30/57 MP: 10/14
  6239 | D:5      | Killed Dutchy's ghost
  6409 | D:6      | You fall into a shaft and drop 3 floors!
  6442 | D:9      | Found Tyffuib Tebi's Weapon Shoppe.
  6456 | D:9      | Reached skill level 5 in Necromancy
  6498 | D:9      | Found a burning altar of Makhleb.
  6498 | D:9      | Noticed an Executioner
  6502 | D:9      | Noticed a hellwing
  6502 | D:9      | Noticed a smoke demon
  6503 | D:9      | Got a transparent ring mail
  6583 | D:8      | Slain by a yak

Levels and vault maps discovered:
D:1:      dpeg_arrival_round_b, layout_basic
D:2:      layout_rooms, grunt_qazlal_clouds
D:3:      layout_loops_ring, lemuel_round_altar
D:4:      layout_gridville, old_standard_altar, chequers_arboretum,
          st_stairs_11, uniq_eustachio, uniq_ijyb, uniq_edmund, uniq_grinder
D:5:      layout_layer_cave, kennysheep_mini, minmay_temple_entry_glass,
          first_ration, gammafunk_ghost_cemetery,
          nicolae_gozag_zags_fifth_avenue
D:6:      layout_loops_ring, nicolae_overflow_crystal_walls,
          nemelex_xobeh_ov_fountains_minmay, serial_shops, shop, basic_altar,
          kennysheep_generic_room_14
D:8:      layout_loops_ring, lemuel_round_altar, serial_shops,
          nicolae_shop_overgrown_old_shop, basic_altar,
          hangedman_pestilent_swarm
D:9:      layout_small_grid, makhleb_altar_promises_db, marbit_many_paths,
          serial_shops, shop
Temple:   minmay_temple_forest_path

Skill      XL: |  1  2  3  4  5  6  7  8  9 |
---------------+----------------------------+-----
Stealth        | 2 |  2.0
Dodging        | 2 3 |  3.0
Conjurations   | 2 3 4 |  4.2
Poison Magic   | 4 5 6 7 |  7.0
Armour         | 1 2 3 4 5 |  5.8
Spellcasting   | 3 4 |  4.5
Necromancy     | 4 5 |  5.7
Charms         | 2 |  2.3

Action                   |  1- 3 |  4- 6 |  7- 9 || total
-------------------------+-------+-------+-------++-------
Melee: Unarmed           |    23 |       |       ||    23
       Dagger            |    52 |   101 |   167 ||   320
       Cutlass           |       |       |   117 ||   117
Throw: Stone             |     2 |       |     8 ||    10
 Cast: Sting             |    67 |    50 |    77 ||   194
       Poisonous Vapours |     6 |     3 |    13 ||    22
       Mephitic Cloud    |       |     1 |       ||     1
  Use: Scroll            |     1 |     2 |     3 ||     6
       Potion            |       |       |     3 ||     3
 Stab: Sleeping          |     1 |       |     1 ||     2
       Confused          |       |     1 |       ||     1
  Eat: Chunk             |     5 |     7 |     9 ||    21
Armor: Robe              |    14 |       |       ||    14
       Ring mail         |    14 |    27 |    54 ||    95
Dodge: Dodged            |    73 |    78 |   144 ||   295
